 Dungeon Crawl Stone Soup version 0.18-a0-1748-g7377c14 (webtiles) character file.

35 namelastname112 the Conjurer (level 3, -3/26 HPs)
             Began as a Draconian Conjurer on Apr 13, 2016.
             Slain by Sigmund
             ... wielding a +0 scythe
              (9 damage)
             ... on level 2 of the Dungeon.
             The game lasted 00:04:33 (804 turns).

namelastname112 the Conjurer (Draconian Conjurer)    Turns: 804, Time: 00:04:35

Health: -3/26      AC:  5    Str: 10    XL:     3   Next: 17%
Magic:  1/7        EV: 12    Int: 16    God:
Gold:   46         SH:  0    Dex: 11    Spells: 2 memorised, 4 levels left

rFire  . . .     SeeInvis .     e - +1 dagger (venom)
rCold  . . .     Gourm    .     (armour unavailable)
rNeg   . . .     Faith    .     (no shield)
rPois  .         Spirit   .     (helmet restricted)
rElec  .         Dismiss  .     (no cloak)
rCorr  .         Reflect  .     (no gloves)
SustAt +         Harm     .     (no boots)
MR     .....                    (no amulet)
Stlth  +.........               f - ring of loudness (curse)
                                c - ring of sustain attributes

@: not resistant to hostile enchantments, very unstealthy
A: unfitting armour, cold-blooded, AC +5
a: no special abilities


You were on level 2 of the Dungeon.
You were not hungry.

You visited 1 branch of the dungeon, and saw 2 of its levels.

You collected 46 gold pieces.

Inventory:

Hand Weapons
 e - a +1 dagger of venom (weapon)
Jewellery
 c - a ring of sustain attributes (left hand)
 f - a cursed ring of loudness (right hand)
Scrolls
 g - a scroll of fear {unknown}
 i - a scroll of enchant weapon {unknown}
Books
 a - a book of Conjurations

   Spells                             Type                      Level
   a - Magic Dart                     Conjuration                  1
   b - Searing Ray                    Conjuration                  2
   c - Dazzling Spray                 Conjuration/Hexes            3
   d - Fulminant Prism                Conjuration/Hexes            4
   e - Iskenderun's Mystic Blast      Conjuration                  4
   f - Iskenderun's Battlesphere      Conjuration/Charms           5
Comestibles
 b - a bread ration
 d - a fruit
 h - a beef jerky


   Skills:
 - Level 1.7 Dodging
 - Level 1.7 Stealth
 + Level 2.7 Spellcasting
 + Level 4.6 Conjurations


You had 4 spell levels left.
You knew the following spells:

 Your Spells              Type           Power        Failure   Level  Hunger
x - Searing Ray           Conj           ###...       6%          2    ##.....
z - Magic Dart            Conj           ###.         3%          1    #......


Dungeon Overview and Level Annotations

Branches:
Dungeon (2/15)

Altars:

Annotations:
D:2 Sigmund


Innate Abilities, Weirdness & Mutations

Your plain brown scales are hard (AC +5).
Your body does not fit into most forms of armour.
You are cold-blooded and may be slowed by cold attacks.


Message History

You hit the dart slug.
The dart slug is poisoned.
The dart slug is moderately wounded.
You kill the dart slug!
The kobold throws a stone.
You hear some strange, mumbled words.
A puff of flame appears from out of thin air!
The puff of flame hits you!
Things that are here:
a club; a dart slug corpse; a hobgoblin corpse You take 12 damage, and have 12/26 hp.
MASSIVE DAMAGE!!
You closely miss something. Something hits you!
* * * LOW HITPOINT WARNING * * *
The kobold throws a stone.
The stone hits you but does no damage.
You take 6 damage, and have 6/26 hp.
MASSIVE DAMAGE!!
You are too injured to fight recklessly!
You are too injured to fight recklessly!
You are too injured to fight recklessly!
You hit something. You tail-slap something.
The kobold throws a stone.
The stone barely misses you. Something hits you!
You die...

... #######..
#.......# #
....... #. .....
.. ... #K#.##
###.(@.# #
#[...#(##### #.##
#.........<##.....
...............)#
..#..........####
...<[........#
...#...."...%#
##.#....(....#
..(........#


You could see a kobold.

Vanquished Creatures
  4 dart slugs
  A giant gecko (D:1)
  4 goblins (D:1)
  6 hobgoblins
  5 kobolds
  A bat (D:1)
  2 giant newts (D:1)
  3 rats (D:1)
26 creatures vanquished.

Notes
Turn   | Place    | Note
--------------------------------------------------------------
     0 | D:1      | namelastname112 the Draconian Conjurer began the quest for the Orb.
     0 | D:1      | Reached XP level 1. HP: 14/14 MP: 3/3
   119 | D:1      | Reached XP level 2. HP: 16/20 MP: 5/5
   127 | D:1      | Learned a level 2 spell: Searing Ray
   789 | D:2      | Reached XP level 3. HP: 25/26 MP: 3/6
   796 | D:2      | Noticed Sigmund
   804 | D:2      | Slain by Sigmund

Vault maps used:
D:1:      eino_arrival_druids_welcome
D:2:      lemuel_round_altar, first_bread, nicolae_ru_sacrificial_ziggurat,
          uniq_sigmund

Action                   || total
-------------------------++-------
Melee: Dagger            ||    23
       Tailslap          ||     2
 Cast: Magic Dart        ||    31
Armor: Skin              ||     8
Dodge: Dodged            ||    14
